 Dungeon Crawl Stone Soup version 0.28-a0-1518-gbe868bca14 (webtiles) character file.

Game seed: 5478195213742321447

2 comborobin the Sneak (level 1, -1/18 HPs)
             Began as a Merfolk Delver on Jan 17, 2022.
             Slain by an adder (4 damage)
             ... on level 4 of the Dungeon.
             The game lasted 00:00:31 (268 turns).

comborobin the Sneak (Merfolk Delver)                Turns: 268, Time: 00:00:33

Health: -1/18      AC:  3    Str: 12    XL:     1   Next: 30%
Magic:  1/1        EV: 12    Int:  9    God:
Gold:   10         SH:  0    Dex: 15    Spells: 0/0 levels left

rFire   . . .      SeeInvis .     - Unarmed
rCold   . . .      Faith    .   (no shield)
rNeg    . . .      Spirit   .   a - +0 leather armour
rPois   .          Reflect  .   (no helmet)
rElec   .          Harm     .   (no cloak)
rCorr   .          Rampage  .   (no gloves)
Will    .....                   (no boots)
Stlth   +++.......              g - amulet of the acrobat
HPRegen 0.06/turn               (no ring)
MPRegen 0.07/turn               (no ring)

@: lethally poisoned (-1 -> -6), hasted, very quick
A: (nimble swimmer 2), mertail
a: no special abilities


You were on level 4 of the Dungeon.
You visited 1 branch of the dungeon, and saw 3 of its levels.

You collected 10 gold pieces.

Inventory:

Armour
 a - a +0 leather armour (worn)
Jewellery
 g - an amulet of the acrobat (around neck)
Wands
 f - a wand of digging (3)
Scrolls
 b - a scroll of fog
 d - a scroll of fear


   Skills:
 - Level 3.2 Fighting
 - Level 2.6 Dodging
 - Level 5.4 Stealth
 + Level 2.4 Unarmed Combat


You couldn't memorise any spells.
You didn't know any spells.
Your spell library was empty.

Dungeon Overview and Level Annotations

Branches:
Dungeon (6/15)
 Temple: D:4-7

Altars:

Annotations:
D:5 exclusion: downstairs


Innate Abilities, Weirdness & Mutations

((You are very nimble when in or above water. (Stealth+, EV+, Speed+++)))
Your lower body shifts to a powerful aquatic tail in water.


Message History

You kill the orc!
Things that are here:
a +0 club; a +0 scale mail; an orc corpse You start resting.
HP restored.
An adder is nearby!
An adder is nearby!
An adder is nearby!
You see here 18 gold pieces.
The helpless adder fails to defend itself.
You hit the adder.
The adder is heavily wounded.
The adder bites you but does no damage. The adder bites you.
You are poisoned.
The adder poisons you!
You miss the adder.
The adder is heavily wounded.
You feel sick. The adder closely misses you.
You miss the adder.
The adder is heavily wounded.
You feel sick. The adder bites you but does no damage.
You barely miss the adder.
The adder is heavily wounded.
You feel sick. The adder closely misses you.
You hit the adder.
The adder is almost dead.
You feel sick. The adder bites you.
You completely miss the adder.
The adder is almost dead.
You feel sick.
You are no longer poisoned.
The adder completely misses you. The adder bites you.
* * * LOW HITPOINT WARNING * * *
You are lethally poisoned!
The adder poisons you!
Okay, then.
You feel yourself speed up.
* * * LOW HITPOINT WARNING * * *
You feel sick. The adder bites you.
You die...

*,* *,,,,,**,,...$.#**
**,** *,,,,,*#,##.#..#
**,,,** *,,,,,*#.##.#..#
**,,,,,** *,,,,,##.##.#..#
**,,,,,,,********#..##.#..#
*,,,,,,,,,* *#.#.....>.#
**,,,,,,,** ##.###.#.####
**,,,,,#######.#####..#
**,,,*#....S@....$...#
*,,**#.####..##.##.##
*,,,,,,,,*#...#.#..#
******,*,........#.#
*,*###..##.##.#
*,***#..#####)#
*,,,,.........#
*****##########


You could see an adder.

Vanquished Creatures
  An orc (D:4)
1 creature vanquished.

Notes
Turn   | Place    | Note
-------+----------+-------------------------------------------
     0 | D:5      | comborobin the Merfolk Delver began the quest for the Orb.
     0 | D:5      | Reached XP level 1. HP: 18/18 MP: 1/1
     1 | D:6      | Noticed a sky beast
   268 | D:4      | Slain by an adder

Illustrated notes

Levels and vault maps discovered:
D:4:      layout_loops_cross
D:5:      layout_loops_ring, amcnicky_mini_rare_corridor_liquid, uniq_duvessa
D:6:      layout_rooms, minmay_temple_entry_mini_moons, uniq_pikel,
          uniq_menkaure, uniq_maggie, uniq_crazy_yiuf_cottage,
          uniq_blork_the_orc

Action                   || total
-------------------------++-------
Melee: Unarmed           ||    27
       Punch             ||     1
  Use: Potion            ||     2
       Scroll            ||     1
 Stab: Sleeping          ||     1
Armor: Leather armour    ||     5
Dodge: Dodged            ||    16

Table legend: (Time is in decaauts)
 A = Elapsed time spent in this place.
 B = Non-inter-level travel time spent in this place.
 C = Inter-level travel time spent in this place.
 D = Time resting spent in this place.
 E = Time spent auto-exploring this place.
 F = Levels seen in this place.
 G = Mean time per level.
                   A        B        C        D        E       F      G
               +--------+--------+--------+--------+--------+-----+--------+
         Total |    267 |    260 |      7 |    153 |     28 |   3 |   89.0 |
       Dungeon |    267 |    260 |      7 |    153 |     28 |   3 |   89.0 |
               +--------+--------+--------+--------+--------+-----+--------+

Top non-repeatable levels by time:
     D:4: 211 daAuts
     D:5: 54 daAuts
     D:6: 1 daAuts
